 Dungeon Crawl Stone Soup version 0.13.0-26-gf7ffa3a (webtiles) character file.

131 Kae the Firebug (level 3, -3/19 HPs)
             Began as a Deep Elf Fire Elementalist on Oct 30, 2013.
             Slain by Sigmund
             ... wielding a +2,+2 scythe of flaming
              (8 damage)
             ... on Level 2 of the Dungeon.
             The game lasted 00:02:44 (1835 turns).

Kae the Firebug (Deep Elf Fire Elementalist)        Turns: 1835, Time: 00:02:45

HP  -3/19        AC  2     Str 11      XL: 3   Next: 92%
MP   6/9         EV 12     Int 19      God:
Gold 66          SH  0     Dex 12 (15) Spells:  3 memorised,  1 level left

Res.Fire  : . . .   See Invis. : .   (no weapon)
Res.Cold  : . . .   Warding    : .   n - +0 robe (curse)
Life Prot.: . . .   Conserve   : .   (no shield)
Res.Poison: .       Res.Corr.  : .   (no helmet)
Res.Elec. : .       Clarity    : .   (no cloak)
Sust.Abil.: . .     Spirit.Shd : .   (no gloves)
Res.Mut.  : .       Stasis     : .   (no boots)
Res.Rott. : .       Flight     : .   (no amulet)
Saprovore : . . .                    (no ring)
                                     (no ring)

@: confused, mighty, slightly resistant to hostile enchantments, very unstealthy
A: no striking features
a: no special abilities


You were on level 2 of the Dungeon.
You were not hungry.

You visited 1 branch of the dungeon, and saw 2 of its levels.

You collected 46 gold pieces.

Inventory:

Armour
 a - a +0 elven robe
 n - a cursed +0 robe (worn)
Comestibles
 c - 2 bread rations
 g - 2 meat rations
 o - a choko
 q - 2 cheeses
Scrolls
 e - a scroll of curse jewellery {unknown}
 f - 2 scrolls of noise {unknown}
 h - a scroll of identify {unknown}
 i - a scroll of curse armour {unknown}
 j - 2 scrolls of recharging {unknown}
 p - a scroll of enchant weapon I {unknown}
 r - a scroll of remove curse {unknown}
 t - a scroll of teleportation {unknown}
Jewellery
 d - a cursed -3 ring of protection {unknown}
Potions
 l - a potion of heal wounds {unknown}
 s - 2 potions of magic {unknown}
Books
 b - a book of Flames

   Spells                             Type                      Level
   *Flame Tongue                      Conjuration/Fire             1
   *Throw Flame                       Conjuration/Fire             2
   *Conjure Flame                     Conjuration/Fire             3
   Inner Flame                        Hexes/Fire                   3
   Sticky Flame                       Conjuration/Fire             4
   Fireball                           Conjuration/Fire             5


   Skills:
 - Level 2.4 Dodging
 - Level 2.4 Stealth
 + Level 2.5 Spellcasting
 * Level 2.5 Conjurations
 * Level 4.3 Fire Magic


You had one spell level left.
You knew the following spells:

 Your Spells              Type           Power        Failure   Level  Hunger
a - Flame Tongue          Conj/Fire      ###..        4%          1    #......
b - Throw Flame           Conj/Fire      ###...       8%          2    ##.....
c - Conjure Flame         Conj/Fire      ###.....     12%         3    ###....


Dungeon Overview and Level Annotations

Branches:
Dungeon (2/27)

Altars:

Annotations:
D:2 Sigmund


Message History

You're too confused to cast spells.
You're too confused to cast spells.
You're too confused to cast spells.
You're too confused to cast spells.
You're too confused to cast spells.
You're too confused to cast spells.
You're too confused to cast spells.
Drink which item? (? for menu, Esc to quit)
There was something very wrong with that liquid!
You feel clumsy.
It was a potion of degeneration.
Sigmund hits you from afar with a glowing scythe!
Ouch! That really hurt!
Sigmund burns you.
* * * LOW HITPOINT WARNING * * *
Drink which item? (? for menu, Esc to quit)
You feel very mighty all of a sudden.
It was a potion of might.
Sigmund hits you from afar with a scythe of flaming!
You die...

#.# #.# #.#
#.# #.# #.#
#@# #.# #@#
#.# #.# #
#.########.#
#..........#
######.....#
##.#####
#...########
#.#.......>#


You could see Sigmund.

Vanquished Creatures
  2 adders (D:2)
  A worm (D:1)
  A giant gecko (D:1)
  A ball python (D:2)
  9 bats
  3 giant cockroaches
  3 goblins
  6 hobgoblins
  2 jackals (D:1)
  3 kobolds
  3 giant newts
  3 rats (D:1)
37 creatures vanquished.

Notes
Turn   | Place    | Note
--------------------------------------------------------------
     0 | D:1      | Kae, the Deep Elf Fire Elementalist, began the quest for the Orb.
     0 | D:1      | Reached XP level 1. HP: 10/10 MP: 4/4
     3 | D:1      | Noticed a shark
     8 | D:1      | Noticed a giant goldfish
   244 | D:1      | Reached XP level 2. HP: 13/15 MP: 0/6
  1033 | D:2      | Reached XP level 3. HP: 10/19 MP: 2/9
  1163 | D:1      | Reached skill level 4 in Fire Magic
  1581 | D:2      | Learned a level 2 spell: Throw Flame
  1585 | D:2      | Learned a level 3 spell: Conjure Flame
  1827 | D:2      | Noticed Sigmund
  1835 | D:2      | Slain by Sigmund

Action                   || total
-------------------------++-------
Melee: Unarmed           ||    75
 Cast: Flame Tongue      ||    70
  Use: Potion            ||     2
 Stab: Sleeping          ||     1
